 Dungeon Crawl Stone Soup version 0.28.0 (webtiles) character file.

Game seed: 419958147721183651

107 Ayyar the Slasher (level 4, -2/35 HPs)
             Began as a Demonspawn Gladiator on Apr 21, 2022.
             Slain by Grinder (6 damage)
             ... on level 3 of the Dungeon.
             The game lasted 00:05:08 (2053 turns).

Ayyar the Slasher (Demonspawn Gladiator)            Turns: 2053, Time: 00:05:08

Health: -2/35      AC: 11    Str: 22    XL:     4   Next: 56%
Magic:  4/4        EV:  9    Int: 10    God:
Gold:   41         SH:  0    Dex: 14    Spells: 3/3 levels left

rFire   + . .      SeeInvis .   a - +0 long sword
rCold   . . .      Faith    .   (no shield)
rNeg    . . .      Spirit   .   i - +0 chain mail
rPois   .          Reflect  .   c - +0 helmet
rElec   .          Harm     .   (no cloak)
rCorr   .          Rampage  .   (no gloves)
Will    .....                   (no boots)
Stlth   ..........              g - amulet of regeneration
HPRegen 0.91/turn               o - ring of protection from fire
MPRegen 0.09/turn               u - +6 ring of strength

@: hasted (expiring), very quick
A: rugged brown scales 2, demonic magic 1
a: no special abilities


You were on level 3 of the Dungeon.
You visited 1 branch of the dungeon, and saw 3 of its levels.

You collected 41 gold pieces.

Inventory:

Hand Weapons
 a - a +0 long sword (weapon)
Missiles
 d - 3 throwing nets
 e - 5 poisoned darts (quivered)
Armour
 c - a +0 helmet (worn)
 i - a +0 chain mail (worn)
Jewellery
 g - an amulet of regeneration (around neck)
 j - an amulet of reflection
 m - a ring of magical power
 o - a ring of protection from fire (left hand)
 u - a +6 ring of strength (right hand)
Wands
 v - a wand of iceblast (12)
Scrolls
 b - 2 scrolls of immolation {unknown}
 f - a scroll of noise {unknown}
 h - 2 scrolls of identify {unknown}
 k - a scroll of silence {unknown}
 n - a scroll of holy word {unknown}
 s - a scroll of fear {unknown}
Potions
 l - a potion of haste
 p - a potion of ambrosia {unknown}
 q - 2 potions of invisibility {unknown}
 r - 2 potions of attraction {unknown}
 t - a potion of berserk rage {unknown}


   Skills:
 + Level 2.9 Fighting
 + Level 3.3 Long Blades
 + Level 2.6 Throwing
 + Level 1.4 Armour
 - Level 3.0 Dodging


You had 3 spell levels left.
You didn't know any spells.
Your spell library was empty.

Dungeon Overview and Level Annotations

Branches:
Dungeon (3/15)

Altars:

Annotations:
D:3 Grinder


Innate Abilities, Weirdness & Mutations

You are mostly covered in rugged brown scales. (AC +2, +5% HP)
Spells you cast may paralyse adjacent enemies.


Message History

You completely miss the adder.
The adder is heavily wounded.
You feel sick. The adder bites you but does no damage.
You closely miss the adder.
The adder is heavily wounded.
You feel sick.
You barely miss the adder.
The adder is heavily wounded.
You feel sick. The adder bites you but does no damage.
You barely miss the adder.
The adder is heavily wounded.
You feel sick.
You are no longer poisoned.
The adder bites you but does no damage. x2
You slash the adder!
You kill the adder!
Grinder gestures at you. Pain shoots through your body!
* * * LOW HITPOINT WARNING * * *
Grinder barely misses you.
You hit Grinder.
Grinder is moderately wounded.
Grinder blinks!
Grinder blinks!
Grinder says, "Don't move a muscle."
Grinder hits you but does no damage.
You slash Grinder!
Grinder is heavily wounded.
Your extra speed is starting to run out.
Grinder hits you.
* * * LOW HITPOINT WARNING * * *
You writhe in agony.
* * * LOW HITPOINT WARNING * * *
You barely miss Grinder.
Grinder is heavily wounded.
Grinder barely misses you.
You hit Grinder.
Grinder is severely wounded.
Grinder hits you.
You die...

#.##.............## ##...<..
#.###.........#..# #....... ..
#.# ##.....#.##..# #.#..... (B
#.########.#.##..### #.#.....
.5 #)#.....##...#.....###.
...... ..
#†.......##............#......
.. #.........###...#...... ..
#.........###.......#.
#'##.........#.5@.........
.............#......###...
.###...........†.#### ..
...................
####.................
#........[..###.....
#.....(..... .##..
#.........#. .. # #........##.
#.


You could see Grinder.

Vanquished Creatures
  5 adders
  An ufetubus (D:3)
  2 worms
  A dart slug (D:2)
  2 bats
  3 endoplasms (D:2)
  3 giant cockroaches
  4 goblins
  4 hobgoblins
  6 jackals
  5 kobolds
  2 quokkas
  3 ball pythons
  3 frilled lizards
  A rat (D:1)
45 creatures vanquished.

Notes
Turn   | Place    | Note
-------+----------+-------------------------------------------
     0 | D:1      | Ayyar the Demonspawn Gladiator began the quest for the Orb.
     0 | D:1      | Reached XP level 1. HP: 16/16 MP: 1/1
    86 | D:1      | Gained mutation: You are partially covered in rugged brown
                  | scales. (AC +1, +3% HP) [demonic ancestry]
    86 | D:1      | Reached XP level 2. HP: 16/22 MP: 2/2
   333 | D:1      | Found a faded altar of an unknown god.
   810 | D:2      | Gained mutation: You are mostly covered in rugged brown
                  | scales. (AC +2, +5% HP) [demonic ancestry]
   810 | D:2      | Reached XP level 3. HP: 14/29 MP: 3/3
  1225 | D:2      | Reached skill level 1 in Armour
  1771 | D:2      | Gained mutation: Spells you cast may paralyse adjacent
                  | enemies. [demonic ancestry]
  1771 | D:2      | Reached XP level 4. HP: 33/35 MP: 4/4
  1990 | D:3      | Noticed Grinder
  2053 | D:3      | Slain by Grinder

Illustrated notes

Levels and vault maps discovered:
D:1:      lemuel_arrival_hallway, layout_basic,
          shapermc_ecumenical_altar_pompeii, nrook_uturn, chequers_jeans,
          minmay_misc_feat_iff, roderic_serpentine_path
D:2:      layout_basic
D:3:      layout_rooms, nicolae_vehumet_radiance,
          nicolae_overflow_hidden_temple, serial_shops, nicolae_shop_waterfront,
          minmay_misc_feat_enclosed, minivault_25, uniq_grinder

Skill      XL: |  1  2  3 |
---------------+----------+-----
Throwing       | 2 |  2.6
Long Blades    | 3 |  3.3
Dodging        | 3 |  3.0
Armour         | 1 |  1.4
Fighting       | |  2.9

Action                   |  1- 3 |  4- 6 || total
-------------------------+-------+-------++-------
Melee: Long sword        |   105 |    60 ||   165
       Punch             |     2 |     1 ||     3
  Use: Potion            |       |     1 ||     1
Armor: Leather armour    |     9 |       ||     9
       Chain mail        |    58 |    42 ||   100
Dodge: Dodged            |    32 |    28 ||    60
